 Dungeon Sprint DCSS version 0.14-a0-736-g2a71271 (webtiles) character file.

654 Deemzul the Unseen (level 6, -9/46 HPs)
             Began as a Vampire Assassin on Nov 7, 2013.
             Was an Initiate of Okawaru.
             Succumbed to Sonja's poison
             ... in the Dungeon (Sprint I: "Red Sonja").
             The game lasted 00:01:47 (513 turns).

Deemzul the Unseen (Vampire Assassin)                Turns: 513, Time: 00:01:48

HP  -9/46        AC  3     Str 10      XL: 6   Next: 36%
MP   6/6         EV 12     Int 13      God: Okawaru [......]
Gold 297         SH  0     Dex 17      Spells:  0 memorised,  5 levels left

Res.Fire  : . . .   See Invis. : +   a - +2 dagger
Res.Cold  : . . .   Warding    : .   n - +0 robe
Life Prot.: + . .   Conserve   : .   (no shield)
Res.Poison: .       Res.Corr.  : .   i - +0 wizard hat
Res.Elec. : .       Clarity    : .   d - +0 cloak
Sust.Abil.: . .     Spirit.Shd : .   (no gloves)
Res.Mut.  : .       Prev.Telep.: +   (no boots)
Res.Rott. : .       Flight     : .   (no amulet)
Saprovore : . . .                    (no ring)
                                     (no ring)

@: extremely poisoned, very slightly contaminated, hasted, very quick, slightly
resistant to hostile enchantments, extraordinarily stealthy
A: bottle blood, fangs 3, see invisible, unbreathing
a: Bat Form, Bottle Blood, Renounce Religion


You were in the Dungeon.
You worshipped Okawaru.
Okawaru was noncommittal.
You were not thirsty.

You visited 1 branch You collected 297 gold pieces.

Inventory:

Hand weapons
 a - a +2,+2 dagger (weapon)
 b - a +0 blowgun
Missiles
 e - 8 poisoned needles
 f - 2 curare-tipped needles
Armour
 d - a +0 cloak (worn)
 i - a +0 wizard hat (worn)
 n - a +0 robe (worn)
Scrolls
 h - a scroll of magic mapping {unknown}
 m - a scroll of blinking
Potions
 g - a potion of blood
 k - 2 potions of magic
 l - a potion of berserk rage


   Skills:
 + Level 4.9 Fighting
 + Level 8.3 Short Blades
 - Level 1.5 Throwing
 - Level 1.1 Dodging
 * Level 15.9 Stealth


You had 5 spell levels left.
You didn't know any spells.

Dungeon Overview and Level Annotations

Branches:
Dungeon (1/1)

Altars:
Makhleb
Okawaru
Yredelemnul
Zin

Shops:
D =

Annotations:
D Sonja


Innate Abilities, Weirdness & Mutations

You can bottle blood from corpses.
You have razor-sharp teeth.*
You have supernaturally acute eyesight.
You can survive without breathing.*


Message History

You are more poisoned.
Sonja hits you with a short sword of venom.
* * * LOW HITPOINT WARNING * * *
Drink which item? (? for menu, Esc to quit)
You feel yourself speed up.
* * * LOW HITPOINT WARNING * * *
You feel sick.
You feel a little better.
Sonja says, "Someone hired me to kill you, but I'm not supposed to say who."
Sonja barely misses you. Sonja misses you.
Sonja hits you with a short sword of venom.
* * * LOW HITPOINT WARNING * * *
You are more poisoned.
You are very lightly contaminated with residual magic.
Unknown command.
Unknown command.
Unknown command.
You hit Sonja. Your bite misses Sonja.
Sonja is lightly wounded.
You die...

#..#####'#####'#
#..####..#...#.#
#..#_.####..##.#
#..#.....##'#..+
#⌠⌠#_.∩...'..._#
####.....##_.#'#
#_._._###'#[#
#########.###


+$@$+ #$K$# ##.## #+# You could see Sonja.

Vanquished Creatures
  An elephant slug (D)
  An ogre (D)
  Sigmund (D)
  A jelly (D)
  Ijyb (D)
5 creatures vanquished.

Vanquished Creatures (others)
  A metal gargoyle (D)
1 creature vanquished.

Grand Total: 6 creatures vanquished

Notes
Turn   | Place    | Note
--------------------------------------------------------------
     0 | D        | Deemzul, the Vampire Assassin, began the quest for the Orb.
     0 | D        | Reached XP level 1. HP: 15/15 MP: 1/1
     1 | D        | Noticed Ijyb
    17 | D        | Killed Ijyb
    17 | D        | Reached skill level 8 in Stealth
    17 | D        | Reached XP level 2. HP: 15/21 MP: 2/2
   104 | D        | Noticed an ogre
   106 | D        | Killed an ogre
   106 | D        | Reached skill level 12 in Stealth
   106 | D        | Reached XP level 3. HP: 26/26 MP: 3/3
   106 | D        | Reached XP level 4. HP: 32/32 MP: 4/4
   108 | D        | Noticed Sigmund
   138 | D        | Killed Sigmund
   138 | D        | Reached skill level 13 in Stealth
   138 | D        | Reached XP level 5. HP: 14/39 MP: 5/5
   318 | D        | Found a burning altar of Makhleb.
   319 | D        | Noticed a jelly
   320 | D        | Found a burning altar of Makhleb.
   326 | D        | Killed a jelly
   326 | D        | Reached skill level 14 in Stealth
   359 | D        | Found a basalt altar of Yredelemnul.
   359 | D        | Found Trais' Jewellery Emporium.
   359 | D        | Found a burning altar of Makhleb.
   359 | D        | Found a glowing silver altar of Zin.
   359 | D        | Noticed an elephant slug
   360 | D        | Found an iron altar of Okawaru.
   399 | D        | Killed a metal gargoyle
   401 | D        | Killed an elephant slug
   401 | D        | Reached skill level 15 in Stealth
   401 | D        | Reached XP level 6. HP: 31/46 MP: 6/6
   411 | D        | Found an iron altar of Okawaru.
   414 | D        | Became a worshipper of Warmaster Okawaru
   504 | D        | Noticed Sonja
   512 | D        | HP: 1/46 [Sonja/short sword of venom (2)]
   513 | D        | Succumbed to Sonja's poison

Action                   |  1- 3 |  4- 6 || total
-------------------------+-------+-------++-------
Melee: Dagger            |    15 |    53 ||    68
  Use: Potion            |       |     3 ||     3
 Stab: Sleeping          |     2 |     2 ||     4
